 Dungeon Crawl Stone Soup version 0.27.1-1-g398f81649c (webtiles) character file.

Game seed: 6024830333242466090

23 Rickety the Sneak (level 2, -1/13 HPs)
             Began as a Spriggan Enchanter on Sept 14, 2021.
             Slain by an orc (9 damage)
             ... on level 1 of the Dungeon.
             The game lasted 00:03:52 (1066 turns).

Rickety the Sneak (Spriggan Enchanter)              Turns: 1066, Time: 00:03:53

Health: -1/13      AC:  3    Str: 10    XL:     2   Next: 72%
Magic:  0/6        EV: 17    Int: 16    God:
Gold:   51         SH:  0    Dex: 15    Spells: 3/6 levels left

rFire    . . .     SeeInvis +   a - +1 dagger
rCold    . . .     Faith    .   (shield restricted)
rNeg     . . .     Spirit   .   b - +0 robe
rPois    .         Reflect  .   (helmet restricted)
rElec    .         Harm     .   c - +0 cloak
rCorr    .         Rampage  .   (gloves unavailable)
Will     .....                  (boots unavailable)
Stlth    +++.......             (no amulet)
HPRegen  0.04/turn              d - +6 ring of strength
MPRegen  0.10/turn              (no ring)

@: very quick
A: very small, no large weapons, unfitting armour, see invisible, speed 3
a: no special abilities


You were on level 1 of the Dungeon.
You visited 1 branch of the dungeon, and saw 2 of its levels.

You collected 51 gold pieces.

Inventory:

Hand Weapons
 a - a +1 dagger (weapon)
Armour
 b - a +0 robe (worn)
 c - a +0 cloak (worn)
Jewellery
 d - a +6 ring of strength (left hand)
Scrolls
 e - 2 scrolls of noise {unknown}
 f - a scroll of magic mapping {unknown}
Potions
 g - a potion of curing {unknown}
 h - a potion of brilliance {unknown}


   Skills:
 + Level 1.1 Short Blades
 + Level 2.9 Dodging
 * Level 5.4 Stealth
 + Level 2.8 Spellcasting
 + Level 4.0 Hexes


You had 3 spell levels left.
You knew the following spells:

 Your Spells              Type           Power      Damage    Failure   Level
a - Corona                Hex            16%        N/A       3%          1
b - Ensorcelled Hibernat  Hex/Ice        16%        N/A       13%         2

Your spell library contained the following spells:

 Spells                   Type           Power      Damage    Failure   Level
 Confusing Touch          Hex            15%        N/A       11%         3
 Tukima's Dance           Hex            15%        N/A       11%         3
 Dazzling Flash           Conj/Hex       16%        N/A       26%         3


Dungeon Overview and Level Annotations

Branches:
Dungeon (2/15)

Altars:


Innate Abilities, Weirdness & Mutations

You are very small and have problems with some larger weapons.
You are too small for most types of armour.
You have supernaturally acute eyesight. (SInv)
You cover ground extremely quickly. (Speed+++)


Message History

There is a stone staircase leading up here.
The hobgoblin shouts!
The orc shouts!
Casting: Ensorcelled Hibernation (safe; 13% risk of failure)
Confirm with . or Enter, or press ? or * to list all spells.
Aiming: Ensorcelled Hibernation (safe; 13% risk of failure)
Press: ? - help, Shift-Dir - straight line, f - hobgoblin
Aim: a hobgoblin (chance to affect: 57%)
The hobgoblin resists with significant effort.
The hobgoblin closely misses you.
Casting: Ensorcelled Hibernation (safe; 13% risk of failure)
Confirm with . or Enter, or press ? or * to list all spells.
Aiming: Ensorcelled Hibernation (safe; 13% risk of failure)
Press: ? - help, Shift-Dir - straight line, f/p - hobgoblin
Aim: a hobgoblin (chance to affect: 57%)
The hobgoblin resists with significant effort.
The hobgoblin hits you.
Casting: Ensorcelled Hibernation (safe; 13% risk of failure)
Confirm with . or Enter, or press ? or * to list all spells.
Aiming: Ensorcelled Hibernation (safe; 13% risk of failure)
Press: ? - help, Shift-Dir - straight line, f/p - hobgoblin
Aim: a hobgoblin (chance to affect: 57%)
The hobgoblin resists with significant effort.
The hobgoblin hits you.
There is a stone staircase leading up here.
The orc misses you.
You climb upwards.
There is a stone staircase leading down here.
You see here a +0 dagger.
You see here a +0 dagger.
You start resting.
An orc is nearby!
Casting: Ensorcelled Hibernation (safe; 13% risk of failure)
Confirm with . or Enter, or press ? or * to list all spells.
Aiming: Ensorcelled Hibernation (safe; 13% risk of failure)
Press: ? - help, Shift-Dir - straight line, f - orc
Aim: an orc, wielding a +0 flail (chance to affect: 57%)
The orc resists with significant effort.
The orc hits you with a +0 flail!
Ouch! That really hurt!
You die...

#.## ##.#.## #.#....##.## ##.#
#....# #.####.##.# #..# ###..#####
#.####.##.# #.## ##....>#
#.##...##.# #.# #.....###
#.##......# #.#
#.......###.#).######## #.#
#.....#.#...).###.....# #.#
######..)..#o....####.......
#.####.........รท@.......#........
#......####.....#..####..........
######## #.....#..# ###........
#.......## #........ #.....#.#
#......>. ##..#.#.# ##.......
##.##...# #........ #..###..#
#........ ########.## ##.#
###........


You could see an orc.

Vanquished Creatures
  3 dart slugs (D:1)
  3 ball pythons (D:1)
  An endoplasm (D:1)
  A giant cockroach (D:1)
  2 goblins (D:1)
  A hobgoblin (D:1)
  A frilled lizard (D:1)
  A kobold (D:1)
  4 rats (D:1)
17 creatures vanquished.

Notes
Turn   | Place    | Note
-------+----------+-------------------------------------------
     0 | D:1      | Rickety the Spriggan Enchanter began the quest for the Orb.
     0 | D:1      | Reached XP level 1. HP: 9/9 MP: 5/5
   308 | D:1      | Noticed a shining eye
   310 | D:1      | Found a faded altar of an unknown god.
   313 | D:1      | Noticed a golden eye
   329 | D:1      | Noticed a shining eye
   329 | D:1      | Noticed a great orb of eyes
   397 | D:1      | Reached skill level 5 in Stealth
   397 | D:1      | Reached XP level 2. HP: 9/13 MP: 3/6
   400 | D:1      | Learned a level 2 spell: Ensorcelled Hibernation
  1066 | D:1      | Slain by an orc

Illustrated notes

Levels and vault maps discovered:
D:1:      dpeg_arrival_yet_another_circle, layout_rooms,
          hellmonk_ecumenical_altar_watching_god, minmay_heptomino_d4
D:2:      layout_loops_ring

Skill      XL: |  1  2 |
---------------+-------+-----
Stealth        | 5 |  5.4
Hexes          | 4 |  4.0
Short Blades   | |  1.1
Dodging        | |  2.9
Spellcasting   | |  2.8

Action                   || total
-------------------------++-------
Melee: Dagger            ||    46
 Cast: Corona            ||    10
       Ensorcelled Hiber ||    12
 Stab: Sleeping          ||    11
Armor: Robe              ||     6
Dodge: Dodged            ||    36
